 Dungeon Crawl Stone Soup version 0.30-a0-852-g08b95dd62f (webtiles) character file.

Game seed: 12859895995830958149

43 Rocko1345 the Cudgeller (level 3, -3/23 HPs)
             Began as a Gargoyle Monk on Mar 4, 2023.
             Slain by Terence
             ... wielding a +3 mace of draining
              (8 damage)
             ... on level 2 of the Dungeon.
             The game lasted 00:04:15 (710 turns).

Rocko1345 the Cudgeller (Gargoyle Monk)              Turns: 710, Time: 00:04:15

Health: -3/23      AC:  6    Str: 16    XL:     3   Next: 58%
Magic:  3/3        EV: 12    Int: 10    God:
Gold:   63         SH:  0    Dex: 12    Spells: 2/2 levels left

rFire   . . .      SeeInvis .    a - +0 mace
rCold   . . .      Faith    .    (no shield)
rNeg    + . .      Spirit   .    i - +0 leather armour
rPois   ∞          Reflect  .    (no helmet)
rElec   +          Rampage  .    (no cloak)
rCorr   +                        (no gloves)
Will    .....                    (no boots)
Stlth   ++                       (no amulet)
HPRegen 0.23/turn                l - ring of resist corrosion
MPRegen 0.08/turn                (no ring)

@: no status effects
A: sickness immunity, AC +3, negative energy resistance 1, electricity
resistance, torment resistance 1, petrification resistance
a: no special abilities


You were on level 2 of the Dungeon.
You visited 1 branch of the dungeon, and saw 2 of its levels.

You collected 63 gold pieces.

Inventory:

Hand Weapons
 a - a +0 mace (weapon)
Armour
 b - a +0 robe
 i - a +0 leather armour (worn)
Jewellery
 g - a ring of magical power
 l - a ring of resist corrosion (left hand)
Scrolls
 d - a scroll of blinking {unknown}
 e - a scroll of torment {unknown}
 j - a scroll of identify
 m - a scroll of amnesia {unknown}
 o - a scroll of teleportation {unknown}
Potions
 c - a potion of ambrosia
 f - a potion of degeneration
 h - a potion of lignification {unknown}
 k - a potion of mutation {unknown}
 n - a potion of haste {unknown}
 p - a potion of curing {unknown}


   Skills:
 + Level 3.5 Fighting
 + Level 3.6 Maces & Flails
 + Level 0.6 Armour
 + Level 2.9 Dodging
 + Level 2.4 Stealth


You had 2 spell levels left.
You didn't know any spells.
Your spell library was empty.

Dungeon Overview and Level Annotations

Branches:
Dungeon (2/15)

Altars:

Shops:
D:1 (

Annotations:
D:2 Terence


Innate Abilities, Weirdness & Mutations

You are immune to sickness and miasma.
Your stone body is resilient. (AC +3)
You are immune to poison.
You resist negative energy. (rN+)
You are resistant to electric shocks. (rElec)
You are resistant to unholy torment.
You are immune to petrification.


Message History

You hit the hobgoblin.
You kill the hobgoblin!
Press: ? - help, v - describe, . - travel The floor.
As you read the scroll labelled XAHUENN HOROA, it crumbles to dust.
It is a scroll of identify.
f - a potion of degeneration
Found 11 gold pieces.
Found an escape hatch in the ceiling.
Found a sling.
Terence attacks as you move away!
Terence hits you with a +3 mace of draining.
You barely miss Terence. Terence closely misses you.
You hit Terence.
Terence is lightly wounded.
Terence hits you with a +3 mace of draining!
You closely miss Terence.
Terence is lightly wounded.
Terence barely misses you. Terence misses you.
You barely miss Terence.
Terence is lightly wounded.
Terence completely misses you.
You hit Terence.
Terence is lightly wounded.
Terence barely misses you.
You hit Terence.
Terence is lightly wounded.
Terence barely misses you.
You hit Terence but do no damage.
Terence is lightly wounded.
Terence says, "You're history."
Terence hits you with a +3 mace of draining. x2
You hit Terence.
Terence is moderately wounded.
Terence hits you with a +3 mace of draining.
* * * LOW HITPOINT WARNING * * *
You closely miss Terence.
Terence is moderately wounded.
Terence hits you with a +3 mace of draining!
You die...

#.#...$..<
###......... ####.
....(...
#..).##.#.#.#
##.###...#...# #
#...........#
..###.#...........#
.$........†....@@?#
.......####..###..#
.b...........# #..#
...##.....##.# #..#
.# #......#.##...#
#.............#
..........##(..#
#..###...####...
..#.##.††#.#


You could see Terence.

Vanquished Creatures
  A dart slug (D:2)
  2 endoplasms (D:1)
  A giant cockroach (D:1)
  5 goblins (D:1)
  5 hobgoblins
  6 jackals
  3 kobolds (D:1)
  2 quokkas (D:1)
  6 ball pythons (D:1)
  2 bats (D:1)
  2 rats (D:1)
35 creatures vanquished.

Notes
Turn   | Place    | Note
-------+----------+-------------------------------------------
     0 | D:1      | Rocko1345 the Gargoyle Monk began the quest for the Orb.
     0 | D:1      | Reached XP level 1. HP: 14/14 MP: 1/1
     6 | D:1      | Found Meyqotadd's Weapon Boutique.
    93 | D:1      | Reached XP level 2. HP: 17/19 MP: 2/2
   338 | D:1      | Reached XP level 3. HP: 22/23 MP: 3/3
   687 | D:2      | Noticed Terence
   710 | D:2      | Slain by Terence

Illustrated notes

Levels and vault maps discovered:
D:1:      psy_arrival_terrarium, layout_rooms, serial_shops, shop
D:2:      minmay_evil_eye, layout_rooms, uniq_terence, uniq_crazy_yiuf_cottage

Action                     || total
---------------------------++-------
  Melee: Mace              ||   133
         Punch             ||     2
    Use: Potion            ||     1
         Scroll            ||     1
   Stab: Sleeping          ||     1
 Armour: Robe              ||    34
         Leather armour    ||    37
  Dodge: Dodged            ||   122

Table legend: (Time is in decaauts)
 A = Elapsed time spent in this place.
 B = Non-inter-level travel time spent in this place.
 C = Inter-level travel time spent in this place.
 D = Time resting spent in this place.
 E = Time spent auto-exploring this place.
 F = Levels seen in this place.
 G = Mean time per level.
                   A        B        C        D        E       F      G
               +--------+--------+--------+--------+--------+-----+--------+
         Total |    741 |    728 |     13 |    113 |    280 |   2 |  370.5 |
       Dungeon |    741 |    728 |     13 |    113 |    280 |   2 |  370.5 |
               +--------+--------+--------+--------+--------+-----+--------+

Top non-repeatable levels by time:
     D:1: 632 daAuts
     D:2: 109 daAuts
